 Dungeon Crawl Stone Soup version 0.26-a0-651-gb41185065b (webtiles) character file.

Game seed: 13552085675839477962

156 Apogee the Changer (level 5, -1/40 HPs)
             Began as a Draconian Transmuter on Oct 7, 2020.
             Was a Follower of Vehumet.
             Killed by nerve-wracking pain
             ... invoked by a shadow imp
             ... summoned by Natasha
              (5 damage)
             ... on level 3 of the Dungeon.
             The game lasted 00:05:31 (3159 turns).

Apogee the Changer (Draconian Transmuter)           Turns: 3159, Time: 00:05:32

Health: -1/40      AC:  5    Str: 12    XL:     5   Next: 14%
Magic:  10/10      EV: 12    Int: 14    God:    Vehumet [*.....]
Gold:   46         SH:  0    Dex: 12    Spells: 10/11 levels left

rFire    . . .     SeeInvis .     - Unarmed
rCold    . . .     Faith    .   (no shield)
rNeg     . . .     Spirit   .   (armour unavailable)
rPois    .         Reflect  .   (helmet currently unavailable)
rElec    .         Harm     .   (no cloak)
rCorr    .         Rampage  .   (no gloves)
MR       .....                  (boots currently unavailable)
Stlth    +.........             (no amulet)
HPRegen  0.13/turn              (no ring)
MPRegen  0.12/turn              (no ring)

@: appendages (expiring)
A: unfitting armour, horns 2, talons 2, cold-blooded, AC +5
a: End Transformation, Renounce Religion


You were on level 3 of the Dungeon.
You worshipped Vehumet.
Vehumet was aware of your devotion.
You had grown temporary horns.
You had grown temporary talons.
You visited 1 branch of the dungeon, and saw 3 of its levels.

You collected 46 gold pieces.

Inventory:

Missiles
 h - 88 stones (quivered)
Scrolls
 b - a scroll of noise {unknown}
 c - 11 scrolls of identify {unknown}
 e - 2 scrolls of remove curse {unknown}
 i - a scroll of fog {unknown}
 l - a scroll of amnesia {unknown}
 m - a scroll of fear {unknown}
Potions
 a - 2 potions of ambrosia {unknown}
 d - a potion of mutation {unknown}
 f - 2 potions of might {unknown}
 g - 2 potions of flight {unknown}
 j - a potion of degeneration {unknown}
 k - a potion of lignification {unknown}


   Skills:
 - Level 1.1 Fighting
 - Level 1.7 Dodging
 + Level 3.5 Unarmed Combat
 + Level 3.5 Spellcasting
 + Level 3.8 Transmutations


You had 10 spell levels left.
You knew the following spells:

 Your Spells              Type           Power        Failure   Level
a - Beastly Appendage     Tmut           ##....       4%          1

Your spell library contained the following spells:

 Spells                   Type           Power        Failure   Level
 Magic Dart               Conj           #...         21%         1
 Wereblood                Tmut           ##......     6%          2
 Spider Form              Tmut/Pois      #.........   28%         3
 Ice Form                 Ice/Tmut       #.......     67%         4
 Blade Hands              Tmut           ##........   75%         5


Dungeon Overview and Level Annotations

Branches:
Dungeon (3/15)

Altars:
Vehumet

Annotations:
D:3 Natasha, Sigmund


Innate Abilities, Weirdness & Mutations

Your plain brown scales are hard. (AC +5)
You cannot fit into any form of body armour.
You are cold-blooded and may be slowed by cold attacks.
You have a pair of horns on your head.
You have razor-sharp toenails.


Message History

You climb downwards.
Level annotation: Natasha, Sigmund
h - 88 stones (gained 2)
There is a stone staircase leading up here.
c - 11 scrolls labeled RISIC ENIONOH (gained 3)
A gnoll is nearby!
A gnoll is nearby!
You grow a pair of large bovine horns.
Your feet morph into talons.
The gnoll shouts!
Natasha hisses angrily.
Natasha mumbles some strange words.
You feel disoriented.
You hit the gnoll. Your kick misses the gnoll.
The gnoll hits you with a +0 spear.
Natasha mumbles some strange words.
You closely miss the gnoll. You tail-slap the gnoll.
The gnoll hits you with a +0 spear.
Natasha extends her claws.
The orc shouts!
You hit the gnoll. The gnoll barely misses you. Natasha claws you.
You barely miss the gnoll.
You tail-slap the gnoll, but do no damage.
The gnoll closely misses you. Natasha barely misses you.
You hit the gnoll. The gnoll hits you with a +0 spear.
* * * LOW HITPOINT WARNING * * *
Natasha claws you but does no damage.
You hit the gnoll.
You kill the gnoll!
Vehumet accepts your kill.
You closely miss Natasha. Natasha claws you.
* * * LOW HITPOINT WARNING * * *
You hit Natasha. Your kick misses Natasha. You tail-slap Natasha.
Natasha stares at you and mumbles some strange words.
The magic dart hits you!
* * * LOW HITPOINT WARNING * * *
The shadow imp hits you.
* * * LOW HITPOINT WARNING * * *
The shadow imp hits you.
* * * LOW HITPOINT WARNING * * *
Your transformation is almost over.
Natasha zaps a wand.
You resist with some effort.
Natasha mewls in sadness.
Natasha casts a spell.
The shadow imp gestures at you.
You barely resist.
Unknown command.
The shadow imp gestures at you. Pain shoots through your body!
You die...

.. #.# #. #.# .# #. #.#
.# #. #
#.####.#####<#o.##.. ..
#.........5......#.#.#.
#.........ho##........
####.#.####.# ##...#.#.
#.####g####.......
#......5..@o..).#
######.####..######
#########.. #........
##.....g.### #<#####
#.♣#####♣.# #.# #g##..
#.#####.#
#.#.♣.♣.#.#.g...#
#g..g>..#..g#####
#.#.♣.♣S#g#.#


You could see a gnoll, a shadow imp (summoned) and an orc (wandering).

Vanquished Creatures
  Terence (D:2)
  4 adders (D:2)
  2 gnolls (D:3)
  An ooze (D:1)
  2 worms (D:2)
  A dart slug (D:1)
  3 leopard geckos
  An orc (D:2)
  5 giant cockroaches
  7 goblins
  5 hobgoblins
  8 kobolds
  2 ball pythons (D:2)
  10 bats
  3 frilled lizards (D:1)
  7 rats
62 creatures vanquished.

Notes
Turn   | Place    | Note
-------+----------+-------------------------------------------
     0 | D:1      | Apogee the Draconian Transmuter began the quest for the
                  | Orb.
     0 | D:1      | Reached XP level 1. HP: 16/16 MP: 3/3
   136 | D:1      | You fall into a shaft and drop 1 floor!
   136 | D:2      | Found a radiant altar of Vehumet.
   140 | D:2      | Became a worshipper of Vehumet
   147 | D:2      | Reached XP level 2. HP: 23/23 MP: 3/5
   520 | D:2      | Reached XP level 3. HP: 28/28 MP: 5/7
   646 | D:2      | Noticed Terence
   659 | D:2      | Killed Terence
   951 | D:2      | Reached XP level 4. HP: 27/35 MP: 6/8
  1201 | D:2      | Reached * piety under Vehumet
  1201 | D:2      | Offered knowledge of Magic Dart by Vehumet.
  1679 | D:3      | Noticed Natasha
  2710 | D:3      | Reached XP level 5. HP: 34/40 MP: 8/10
  2999 | D:3      | Noticed Sigmund
  3159 | D:3      | Killed from afar by a shadow imp

Illustrated notes

Levels and vault maps discovered:
D:1:      sevenhm_arrival_forest_fort_large_4, layout_basic
D:2:      layout_basic, vehumet_crystals, uniq_terence
D:3:      layout_loops_ring, grunt_ministairs_11, uniq_robin, uniq_natasha,
          uniq_sigmund, uniq_ijyb

Skill      XL: |  1  2  3 |
---------------+----------+-----
Spellcasting   | 3 |  3.5
Transmutations | 3 |  3.8
Fighting       | |  1.1
Dodging        | |  1.7
Unarmed Combat | |  3.5

Action                   |  1- 3 |  4- 6 || total
-------------------------+-------+-------++-------
Melee: Unarmed           |    74 |   142 ||   216
       Headbutt          |    11 |     9 ||    20
       Kick              |     8 |    17 ||    25
       Tailslap          |     5 |    18 ||    23
 Cast: Beastly Appendage |    12 |    14 ||    26
 Stab: Sleeping          |     1 |       ||     1
Armor: Skin              |    19 |    43 ||    62
Dodge: Dodged            |    59 |   132 ||   191

Table legend: (Time is in decaauts)
 A = Elapsed time spent in this place.
 B = Non-inter-level travel time spent in this place.
 C = Inter-level travel time spent in this place.
 D = Time resting spent in this place.
 E = Time spent auto-exploring this place.
 F = Levels seen in this place.
 G = Mean time per level.
                   A        B        C        D        E       F      G
               +--------+--------+--------+--------+--------+-----+--------+
         Total |   3153 |   2866 |    287 |    233 |   2078 |   3 | 1051.0 |
       Dungeon |   3153 |   2866 |    287 |    233 |   2078 |   3 | 1051.0 |
               +--------+--------+--------+--------+--------+-----+--------+

Top non-repeatable levels by time:
     D:2: 2095 daAuts
     D:1: 955 daAuts
     D:3: 102 daAuts
